 Dungeon Crawl Stone Soup version 0.22-a0-858-g985ef60 (webtiles) character file.

17528 fregglez the Fighter (level 12, -3/174 HPs)
             Began as a Hill Orc Fighter on July 24, 2018.
             Was a Priest of Trog.
             Slain by a purple ugly thing (6 damage)
             ... on level 11 of the Dungeon on July 27, 2018.
             The game lasted 01:53:50 (19784 turns).

fregglez the Fighter (Hill Orc Fighter)            Turns: 19784, Time: 01:53:51

Health: -3/174     AC: 29    Str: 30    XL:     12   Next: 49%
Magic:  15/15      EV:  2    Int:  8    God:    Trog [***...]
Gold:   1095       SH: 12    Dex:  7    Spells: 11/11 levels left

rFire    . . .     SeeInvis .   A - +3 flail (drain)
rCold    . . .     Gourm    .   c - +0 shield
rNeg     + + +     Faith    .   (armour currently unavailable)
rPois    +         Spirit   .   (helmet currently unavailable)
rElec    +         Reflect  .   (cloak currently unavailable)
rCorr    .         Harm     .   (gloves currently unavailable)
MR       .....     NoTele   +   (boots currently unavailable)
Stlth    ..........             (no amulet)
HPRegen  0.39/turn              k - +3 ring of protection
MPRegen  0.14/turn              I - ring of Lugonu's Regard {rElec Str+6 Dex-3 Stlth-}

@: tree-form, silence
A: no striking features
a: Renounce Religion


You were on level 11 of the Dungeon.
You worshipped Trog.
Trog was most pleased with you.
You were not hungry.
You were a tree.
You visited 4 branches of the dungeon, and saw 16 of its levels.

You collected 1095 gold pieces.

Inventory:

Hand Weapons
 m - a +0 war axe
 o - a +0 mace of holy wrath
 A - a +3 flail of draining (weapon)
Armour
 b - a +3 scale mail (melded)
 c - a +0 shield (worn)
 n - a +1 pair of gloves (melded)
 q - a +0 pair of boots (melded)
 F - a +0 helmet (melded)
 K - a +2 hat
Jewellery
 a - an uncursed ring of resist corrosion
 g - an uncursed ring of ice
 k - a +3 ring of protection (left branch)
 G - an uncursed ring of resist corrosion
 I - the ring of Lugonu's Regard (right branch) {rElec Str+6 Dex-3 Stlth-}
   (You found it on level 9 of the Dungeon)

   [ring of attention]

   It affects your strength (+6).
   It affects your dexterity (-3).
   It insulates you from electricity.
   It makes you less stealthy.
 L - an uncursed ring of see invisible {unknown}
Wands
 t - a wand of flame (22)
 u - a wand of enslavement (10)
 v - a wand of random effects (41)
 y - a wand of clouds (4)
 H - a wand of digging (22)
 J - a wand of polymorph (12)
Scrolls
 w - 3 scrolls of magic mapping
 C - 3 scrolls of amnesia
Potions
 e - 2 potions of cancellation
 h - 2 potions of invisibility {unknown}
 i - a potion of berserk rage {unknown}
 j - a potion of experience {unknown}
 l - 2 potions of agility {unknown}
 p - 2 potions of mutation {unknown}
 r - 3 potions of lignification
 s - 5 potions of curing
 z - 2 potions of brilliance
 D - a potion of might
 E - a potion of flight {unknown}
Miscellaneous
 M - a sack of spiders
Comestibles
 f - 30 rations


   Skills:
 * Level 13.7 Fighting
   Level 3.8 Long Blades
 * Level 11.1 Maces & Flails
 + Level 9.7 Armour
 + Level 9.6 Shields
 - Level 5.0 Evocations


You had 11 spell levels left.
You didn't know any spells.
Your spell library was empty.

Dungeon Overview and Level Annotations

Branches:
Dungeon (11/15)            Temple (1/1) D:7            Lair (3/6) D:8
 Spider (1/4) Lair:2
  Swamp: Lair:2-4    Shoals: Lair:2-4       Orc: D:9-12

Altars:
Ashenzari
Cheibriados
Dithmenos
Elyvilon
Fedhas
Gozag
Hepliaklqana
Kikubaaqudgha
Makhleb
Nemelex Xobeh
Okawaru
Qazlal
Ru
Sif Muna
Trog
Uskayaw
Vehumet
Wu Jian
Xom
Yredelemnul
Zin
The Shining One

Shops:
D:11 *

Annotations:
D:6 Pikel
D:11 Fannar, Snorg


Message History

The manticore claws you but does no damage.
You barely miss the manticore.
You carefully extract the barbed spikes from your body.
The purple ugly thing kicks you but does no damage.
You thump the manticore!
The manticore is lightly wounded.
The manticore barely misses you.
The manticore claws you but does no damage.
The manticore claws you.
* * * LOW HITPOINT WARNING * * *
You block the purple ugly thing's attack.
You hit the manticore but do no damage.
The manticore is lightly wounded.
You block the manticore's attack.
The manticore claws you but does no damage.
You block the manticore's attack.
You thump the manticore!
The manticore is heavily wounded.
The purple ugly thing kicks you.
You die...

..# #.........# ###
#<........#
####.######
##..###### ###
#........# ..#
#........# ..#
#........# §.#
#........#
..########.....u♣.#
.........'.....H..#
..########........#
..# #........# ###
####+##### # #
##### ....#


You could see a purple ugly thing and a manticore.

Vanquished Creatures
  Gastronok (D:10)
  A catoblepas (D:10)
  4 two-headed ogres
  A skeletal warrior (D:9)
  2 unseen horrors (D:11)
  A cyclops (D:11)
  A manticore (D:10)
  A komodo dragon (Lair:1)
  3 spiny frogs
  2 trolls
  A hornet (Lair:1)
  3 hippogriffs
  3 wyverns
  A basilisk (D:10)
  A hungry ghost (D:11)
  5 yaks
  5 water moccasins
  A black bear (D:8)
  4 porcupines
  2 orc warriors
  5 ice beasts
  2 sky beasts
  2 slaves
  2 phantoms
  2 ogres
  A necrophage (D:9)
  4 wolves (Lair:1)
  2 centaurs (D:8)
  9 crocodiles
  A big kobold (D:9)
  8 bullfrogs
  A gnoll sergeant (D:4)
  4 scorpions
  14 killer bees
  2 electric eels (D:10)
  4 howler monkeys
  2 jellies
  6 crimson imps
  A bullfrog zombie (D:9)
  7 hounds
  4 orc priests
  A bullfrog skeleton (D:10)
  9 orc wizards
  A centaur skeleton (D:7)
  3 iguanas
  9 worker ants
  A hound zombie (D:9)
  2 hound skeletons
  A howler monkey zombie (D:5)
  A worker ant zombie (D:5)
  13 gnolls
  13 adders
  A river rat (D:3)
  4 shadow imps
  2 oozes
  An adder skeleton (D:10)
  11 worms
  3 dart slugs (D:1)
  4 leopard geckos
  23 orcs
  6 bats
  7 giant cockroaches
  9 goblins
  9 hobgoblins
  9 jackals
  18 kobolds
  2 quokkas
  3 ball pythons
  3 frilled lizards
  A jackal skeleton (D:8)
  A leopard gecko skeleton (D:6)
  A leopard gecko zombie (D:6)
  8 rats
306 creatures vanquished.

Vanquished Creatures (collateral kills)
  A kobold (D:2)
1 creature vanquished.

Grand Total: 307 creatures vanquished

Notes
Turn   | Place    | Note
-------+----------+-------------------------------------------
     0 | D:1      | fregglez the Hill Orc Fighter began the quest for the Orb.
     0 | D:1      | Reached XP level 1. HP: 19/19 MP: 1/1
   164 | D:1      | Reached XP level 2. HP: 27/27 MP: 2/2
   347 | D:1      | Reached XP level 3. HP: 19/33 MP: 3/3
   973 | D:1      | Reached skill level 4 in Fighting
  1122 | D:1      | Reached XP level 4. HP: 34/40 MP: 4/4
  2249 | D:2      | Found a basalt altar of Yredelemnul.
  2249 | D:2      | Found an opulent altar of Gozag.
  2487 | D:3      | Reached XP level 5. HP: 42/47 MP: 5/5
  3550 | D:3      | Found a sacrificial altar of Ru.
  3681 | D:3      | Reached skill level 5 in Fighting
  3699 | D:3      | Reached XP level 6. HP: 48/56 MP: 6/6
  4273 | D:4      | Found a shattered altar of Ashenzari.
  4797 | D:4      | Noticed a phantom
  4957 | D:4      | Killed a phantom
  4957 | D:4      | Reached skill level 6 in Fighting
  4957 | D:4      | Reached skill level 5 in Armour
  4957 | D:4      | Reached XP level 7. HP: 44/63 MP: 7/7
  5344 | D:4      | Reached skill level 5 in Shields
  5456 | D:5      | Entered Level 5 of the Dungeon
  5720 | D:5      | Reached skill level 1 in Maces & Flails
  5862 | D:5      | Reached skill level 7 in Fighting
  6023 | D:4      | Reached XP level 8. HP: 35/73 MP: 8/8
  7045 | D:6      | Noticed Pikel
  7070 | D:6      | Reached skill level 8 in Fighting
  7889 | D:7      | Found a staircase to the Ecumenical Temple.
  7922 | Temple   | Entered the Ecumenical Temple
  8061 | Temple   | Became a worshipper of Trog the Wrathful
  8094 | D:7      | Upgraded the game from 0.22-a0-825-ga28c36f to 0.22-a0-848-ge9e22a0
  8609 | D:8      | Found a snail-covered altar of Cheibriados.
  8713 | D:8      | Reached XP level 9. HP: 82/82 MP: 9/9
  8728 | D:8      | Reached skill level 9 in Fighting
  8886 | D:8      | Reached skill level 5 in Maces & Flails
  9076 | D:8      | Noticed a two-headed ogre
  9846 | D:8      | Found a staircase to the Lair.
 10048 | D:8      | Reached * piety under Trog
 10057 | D:8      | Killed a two-headed ogre
 10057 | D:8      | Reached skill level 10 in Fighting
 10420 | D:9      | Reached XP level 10. HP: 94/94 MP: 10/10
 11257 | D:9      | Noticed a two-headed ogre
 11306 | D:9      | Killed a two-headed ogre
 11306 | D:9      | Reached skill level 11 in Fighting
 11306 | D:9      | Reached skill level 1 in Evocations
 11495 | D:9      | Found a white marble altar of Elyvilon.
 11514 | D:9      | Noticed a skeletal warrior
 11679 | D:9      | Got a bound jade ring
 11843 | Lair:1   | Entered Level 1 of the Lair of Beasts
 11957 | Lair:1   | Reached ** piety under Trog
 12479 | Lair:1   | Noticed a spiny frog
 12494 | Lair:1   | Killed a spiny frog
 12681 | Lair:1   | Reached XP level 11. HP: 104/104 MP: 12/12
 13204 | Lair:1   | Upgraded the game from 0.22-a0-848-ge9e22a0 to 0.22-a0-858-g985ef60
 13365 | Lair:1   | HP: 5/104 [poisoned by a spiny frog]
 13370 | Lair:1   | HP: 4/104 [poisoned by a spiny frog]
 13375 | Lair:1   | HP: 3/104 [poisoned by a spiny frog]
 13382 | Lair:1   | HP: 3/104 [poisoned by a spiny frog]
 13390 | Lair:1   | HP: 3/104 [poisoned by a spiny frog]
 13830 | Lair:1   | Reached skill level 12 in Fighting
 14134 | Lair:1   | Paralysed by a hornet for 2 turns
 14298 | Lair:2   | Found a hole to the Spider Nest.
 14744 | Lair:1   | Identified the ring of Lugonu's Regard {rElec Str+6 Dex-3 Stlth-} (You found it on level 9 of the Dungeon)
 15117 | Spider:1 | Entered Level 1 of the Spider Nest
 15143 | Spider:1 | Noticed an orb spider
 15211 | Lair:3   | Noticed a four-headed hydra
 15882 | D:9      | Killed a skeletal warrior
 16522 | D:9      | Noticed an angel
 16523 | D:9      | Found a shimmering altar of Xom.
 16526 | D:9      | Found a glowing silver altar of Zin.
 16986 | D:10     | Entered Level 10 of the Dungeon
 17231 | D:10     | Reached *** piety under Trog
 17266 | D:10     | Noticed Gastronok
 17313 | D:11     | Noticed Snorg
 17313 | D:11     | Noticed a two-headed ogre
 17781 | D:10     | Noticed a manticore
 17782 | D:10     | Noticed a catoblepas
 18031 | D:10     | Killed Gastronok
 18031 | D:10     | Reached skill level 10 in Maces & Flails
 18539 | D:10     | Killed a manticore
 18539 | D:10     | Reached skill level 13 in Fighting
 18693 | D:10     | Killed a catoblepas
 18693 | D:10     | Reached XP level 12. HP: 101/115 MP: 15/15
 18791 | D:11     | Noticed a two-headed ogre
 18801 | D:10     | Killed a two-headed ogre
 19279 | D:11     | Reached skill level 5 in Evocations
 19352 | D:11     | Noticed a two-headed ogre
 19375 | D:11     | Killed a two-headed ogre
 19419 | D:11     | Found Adaej's General Store.
 19736 | D:11     | Noticed Fannar
 19770 | D:11     | HP: 5/116 [manticore/volley of spikes (7)]
 19773 | D:11     | HP: 2/116 [manticore/volley of spikes (4)]
 19782 | D:11     | HP: 2/174 [manticore (4)]
 19784 | D:11     | Slain by a purple ugly thing

Vault maps used:
D:1:      ncdulo_halloftheorcs
D:2:      gammafunk_temple_overflow_wave, kennysheep_generic_room_14
D:3:      nicolae_ru_the_path_less_chosen, lightli_sewer_entry_pipes
D:4:      first_ration, ashenzari_altar_1
D:5:      serial_glass, glass_columns_a, glass_columns_b, feat_on_display,
          feat_on_display, due_unseen_surprise, grunt_decor_arrowhead
D:6:      uniq_pikel
D:7:      minmay_temple_entry_glassed_door
D:8:      cheibriados_altar_1, lair_entry_dummy, grunt_ogre_cave
D:9:      hangedman_cross_cluster, grunt_temple_overflow_order_and_chaos_1
D:10:     nzn_motion_control, serial_bayou_ford_a, uniq_gastronok
D:11:     serial_shops, nicolae_shop_stone, uniq_fannar, uniq_snorg, uniq_erica
Temple:   regret_index_temple_sphere_string
Lair:1:   grunt_forest_small_clearings, serial_bayou_shore_b
Lair:2:   nicolae_spider_entry_non_spiders, grunt_megastairs_4
Lair:3:   swamp_mist_pool, nicolae_volcano_entry_s_turn,
          infiniplex_staircase_pool_2

Skill      XL: |  1  2  3  4  5  6  7  8  9 10 11 12 |
---------------+-------------------------------------+-----
Armour         | 4 5 6 7 8 9 |  9.7
Fighting       | 4 5 6 7 8 10 11 13 | 13.7
Long Blades    | 3 |  3.8
Shields        | 4 5 6 7 8 9 |  9.6
Maces & Flails | 2 4 6 8 10 11 | 11.1
Evocations     | 2 4 5 |  5.0

Action                   |  1- 3 |  4- 6 |  7- 9 | 10-12 || total
-------------------------+-------+-------+-------+-------++-------
Melee: Long sword        |   104 |   353 |    26 |       ||   483
       Flail             |       |       |   399 |   647 ||  1046
Evoke: Wand              |       |     1 |     9 |    21 ||    31
  Use: Scroll            |       |     7 |    13 |    19 ||    39
       Potion            |       |       |     1 |     4 ||     5
  Eat: Chunk             |     1 |    12 |    12 |    21 ||    46
       Ration            |       |       |     2 |     3 ||     5
Armor: Scale mail        |    50 |   171 |   205 |   311 ||   737
       Skin              |       |       |       |     6 ||     6
Dodge: Dodged            |    31 |    92 |   145 |   216 ||   484
Block: Shield            |    57 |   174 |   241 |   446 ||   918
       Rpst.: Long sword |     9 |    25 |     2 |       ||    36

Table legend:
 A = Spawn XP
 B = Non-spawn XP
 C = Spawn XP percentage of total XP
 D = Spawn monster count
 E = Non-spawn monster count
 F = Spawn count percentage of total count
 G = Total turns spent on level
                    A         B        C        D         E        F      G
               +---------+---------+-------+---------+---------+-------+---------
         Total |       0 |   25041 |   0.0 |       0 |     305 |   0.0 | 19784
               +---------+---------+-------+---------+---------+-------+---------
           D:1 |       0 |      90 |   0.0 |       0 |      32 |   0.0 |  1460
           D:2 |       0 |      58 |   0.0 |       0 |      24 |   0.0 |  1197
           D:3 |       0 |     193 |   0.0 |       0 |      28 |   0.0 |  1478
           D:4 |       0 |     509 |   0.0 |       0 |      18 |   0.0 |  1629
           D:5 |       0 |     665 |   0.0 |       0 |      25 |   0.0 |   957
           D:6 |       0 |     407 |   0.0 |       0 |      21 |   0.0 |   841
           D:7 |       0 |     427 |   0.0 |       0 |      12 |   0.0 |   960
           D:8 |       0 |    3288 |   0.0 |       0 |      27 |   0.0 |  2778
           D:9 |       0 |    3803 |   0.0 |       0 |      36 |   0.0 |  2196
          D:10 |       0 |    5860 |   0.0 |       0 |      25 |   0.0 |  1566
          D:11 |       0 |    4725 |   0.0 |       0 |      23 |   0.0 |   689
        Lair:1 |       0 |    3495 |   0.0 |       0 |      22 |   0.0 |  2608
        Lair:2 |       0 |    1189 |   0.0 |       0 |      10 |   0.0 |  1164
        Lair:3 |       0 |     332 |   0.0 |       0 |       2 |   0.0 |    34
               +---------+---------+-------+---------+---------+-------+---------
